 Dungeon Crawl Stone Soup version 0.19-a0-1051-gdb7e7f8 (webtiles) character file.

143 Deeps the Cudgeler (level 5, -4/33 HPs)
             Began as a Gargoyle Monk on Aug 1, 2016.
             Slain by a gnoll
             ... wielding a +0 spear
              (8 damage)
             ... on level 3 of the Dungeon.
             The game lasted 00:02:06 (1486 turns).

Deeps the Cudgeler (Gargoyle Monk)                  Turns: 1486, Time: 00:02:06

Health: -4/33      AC:  6    Str: 15    XL:     5   Next: 25%
Magic:  5/5        EV: 13    Int: 11    God:
Gold:   108        SH:  0    Dex: 12    Spells: 0 memorised, 4 levels left

rFire  . . .     SeeInvis .     a - +0 mace
rCold  . . .     Gourm    .     b - +0 robe
rNeg   + . .     Faith    .     (no shield)
rPois  ∞         Spirit   .     (no helmet)
rElec  +         Dismiss  .     (no cloak)
rCorr  .         Reflect  .     (no gloves)
SustAt .         Harm     .     (no boots)
MR     .....                    (no amulet)
Stlth  ++........               (no ring)
                                (no ring)

@: starving, not resistant to hostile enchantments, unstealthy
A: negative energy resistance 1, electricity resistance, unbreathing,
petrification resistance, rot immunity, AC +4
a: no special abilities


You were on level 3 of the Dungeon.
You were starving.

You visited 1 branch of the dungeon, and saw 3 of its levels.

You collected 108 gold pieces.

Inventory:

Hand Weapons
 a - a +0 mace (weapon)
Armour
 b - a +0 robe (worn)
Scrolls
 d - a scroll of enchant armour {unknown}
 e - a scroll of blinking {unknown}
 g - 2 scrolls of enchant weapon {unknown}
 h - a scroll of amnesia {unknown}
 k - 3 scrolls of identify {unknown}
 l - 2 scrolls of remove curse {unknown}
Potions
 j - a potion of lignification {unknown}
 m - a potion of ambrosia {unknown}
Comestibles
 c - 2 bread rations
 f - a meat ration
 i - a beef jerky


   Skills:
 - Level 3.7 Fighting
 + Level 5.3 Maces & Flails
 - Level 2.7 Dodging
 - Level 2.2 Stealth


You had 4 spell levels left.
You didn't know any spells.

Dungeon Overview and Level Annotations

Branches:
Dungeon (3/15)

Altars:
Ru


Innate Abilities, Weirdness & Mutations

You are resistant to torment.
Your stone body is resilient. (AC +4)
You are immune to poison.
You resist negative energy. (rN+)
You are resistant to electric shocks. (rElec)
You can survive without breathing.
You are immune to petrification.
You are immune to rotting.


Message History

The orc hits you with a club.
You hit the orc.
You kill the orc!
You barely miss the orc. The orc barely misses you.
The gnoll barely misses you. The orc closely misses you.
You closely miss the orc. The gnoll misses you. The orc barely misses you.
You hit the orc but do no damage. The gnoll hits you but does no damage.
The orc barely misses you.
You hit the orc but do no damage.
The gnoll hits you from afar with a spear!
The orc closely misses you.
You barely miss the orc.
The gnoll hits you from afar with a spear!
* * * LOW HITPOINT WARNING * * *
The orc closely misses you.
You barely miss the orc. The gnoll misses you. The orc closely misses you.
You hit the orc.
The orc is heavily wounded.
The gnoll hits you from afar with a spear!
You die...

..... .... ...#
#### ...#
#<.##...#
#...#...#
##.@#...#+
###ow...#
wo....ohg......
o........♣.....
o......... ....
#.o.###.... ###
#..# +#...# #..
...# #! ...#


You could see a worm, a gnoll, an orc and a jackal.

Vanquished Creatures
  An orc wizard (D:3)
  4 adders
  A worm (D:2)
  3 dart slugs (D:2)
  2 giant geckos
  2 orcs (D:3)
  3 giant cockroaches (D:1)
  9 goblins
  7 hobgoblins
  11 jackals
  A ball python (D:2)
  3 bats
  A giant newt (D:2)
  7 kobolds
  7 rats
62 creatures vanquished.

Notes
Turn   | Place    | Note
-------+----------+-------------------------------------------
     0 | D:1      | Deeps the Gargoyle Monk began the quest for the Orb.
     0 | D:1      | Reached XP level 1. HP: 14/14 MP: 1/1
   119 | D:1      | Reached XP level 2. HP: 19/19 MP: 2/2
   464 | D:1      | Reached XP level 3. HP: 21/24 MP: 3/3
   793 | D:2      | Found a faded altar of an unknown god.
   840 | D:2      | Reached skill level 4 in Maces & Flails
   986 | D:2      | Reached XP level 4. HP: 27/29 MP: 4/4
  1042 | D:2      | Found a sacrificial altar of Ru.
  1458 | D:3      | Reached skill level 5 in Maces & Flails
  1474 | D:3      | Reached XP level 5. HP: 18/33 MP: 5/5
  1486 | D:3      | Slain by a gnoll

Vault maps used:
D:1:      onia_arrival_larder
D:2:      nicolae_ru_awakened_eye, ecumenical_altar_1, minmay_cut_off
D:3:      lemuel_castle_with_subvaults, first_bread, grunt_ministairs_6,
          serial_bayou_lake_a, uniq_grinder, uniq_sigmund

Skill      XL: |  1  2  3  4 |
---------------+-------------+-----
Maces & Flails | 4 5 |  5.3
Fighting       | |  3.7
Dodging        | |  2.7
Stealth        | |  2.2

Action                   |  1- 3 |  4- 6 || total
-------------------------+-------+-------++-------
Melee: Mace              |   111 |   118 ||   229
 Stab: Sleeping          |     8 |     1 ||     9
Armor: Robe              |    39 |    39 ||    78
Dodge: Dodged            |    61 |    78 ||   139
